Cogmind - Beta 13 @@@ ROGUE MODE // 2024.04.03 @ 11:23:45 Player: donk Result: Self-destructed Performance ------------- Evolutions (1) 500 Regions Visited (4) 800 Robots Destroyed (46) 230 Value Destroyed (982) 982 Prototype IDs (0) 0 Alien Tech Used (0) 0 Bonus (572) 572 TOTAL SCORE: 3084 Bonus ------- Met Imprinter 300 Was Imprinted 300 Friendly Fire -28 Cogmind --------- Core Integrity 225/400 Matter 283/300 Energy 49/100 System Corruption 0% Temperature Cool (0) Movement Core (450) Ox8 Location -7/Zion Parts ------- > --- POWER (1) -------- (None) > --- PROPULSION (4) --- (None) > --- UTILITY (2) ------ Medium Storage Unit Tactical Coordination Suite > --- WEAPON (2) ------- Bore Cannon CR-A16's Pointy Stick > --- INVENTORY (10) --- Light Ion Engine Medium Matter Pod (44) Makeshift Light Armor Plating Makeshift Light Armor Plating Hacking Drone Bay Gatling Laser Mini Grenade Launcher Ripper Peak State ------------ > --- POWER ------------ Light Deuterium Engine > --- PROPULSION ------- Wheel Wheel Wheel Gravmag System > --- UTILITY ---------- Medium Storage Unit Tactical Coordination Suite > --- WEAPON ----------- Bore Cannon CR-A16's Pointy Stick > --- INVENTORY -------- Light Ion Engine Medium Matter Pod Medium Armor Plating Hacking Drone Bay Gatling Laser Heavy Assault Rifle Mini Grenade Launcher Mini Grenade Launcher Ripper [Rating: 27] Favorites ----------- Power Ion Engine Engine Ion Engine Propulsion Wheel Treads Light Treads Leg Aluminum Leg Wheel Wheel Hover Unit Gravmag System Utility Medium Storage Unit Device Sensor Array Storage Medium Storage Unit Protection Light Armor Plating Weapon Heavy Assault Rifle Energy Gun Medium Laser Ballistic Gun Heavy Assault Rifle Ballistic Cannon Bore Cannon Launcher Mini Grenade Launcher Special Weapon Mining Laser Piercing Weapon CR-A16's Pointy Stick Build | -11 -10 -9 -9 -7 ------- Run | Yrd Mat Mat Min Zio Slots Evolved 2 | . . 2 . . Power . | . . . . . Propulsion 2 | . . 2 . . Utility . | . . . . . Weapon . | . . . . . Parts Attached 43 | 7 15 15 . 6 Power 7 | 2 1 2 . 2 Engine 7 | 2 1 2 . 2 Core . | . . . . . Reactor . | . . . . . Propulsion 12 | 2 3 6 . 1 Treads 4 | 2 1 1 . . Leg 2 | . 2 . . . Wheel 5 | . . 5 . . Hover 1 | . . . . 1 Flight . | . . . . . Utility 9 | 1 4 3 . 1 Device 4 | . 3 . . 1 Storage 3 | 1 . 2 . . Processor . | . . . . . Hackware . | . . . . . Protection 2 | . 1 1 . . Artifact . | . . . . . Weapon 15 | 2 7 4 . 2 Energy Gun 3 | 2 1 . . . Energy Cannon . | . . . . . Ballistic Gun 6 | . 4 2 . . Ballistic Cannon 1 | . . . . 1 Launcher 2 | . . 2 . . Special Weapon 2 | . 2 . . . Impact Weapon . | . . . . . Slashing Weapon . | . . . . . Piercing Weapon 1 | . . . . 1 Special Melee Weapon . | . . . . . Unidentified Prototypes . | . . . . . Parts Lost 9 | . 5 1 1 2 Power 1 | . 1 . . . Propulsion 6 | . 2 1 1 2 Utility . | . . . . . Weapon 2 | . 2 . . . Highest Loss Streak 3 | . 3 1 1 2 To Critical Strikes 1 | . . 1 . . Average Slot Usage (%) 95 | . 97 88 88 98 Engine 11 | . 13 11 11 10 Treads 10 | . 23 8 . . Leg 6 | . 3 17 . . Wheel 14 | . . 8 33 32 Hover 3 | . . . . 10 Device 7 | . 13 . . 6 Storage 14 | . 14 14 22 15 Protection 2 | . . 7 . . Energy Gun 6 | . 18 . . . Ballistic Gun 6 | . 2 18 11 1 Ballistic Cannon 2 | . . . . 6 Launcher 2 | . . 3 11 4 Special Weapon 1 | . 4 . . . Piercing Weapon 3 | . . . . 9 Naked Turns . | . . . . . Heaviest Build 32 | 14 19 24 21 32 Greatest Support 40 | 40 40 40 30 30 Greatest Overweight (x) 8 | . . 2 . 8 Average Overweight (x) . | . . . . . Largest Inventory Capacity 10 | 8 8 10 10 10 Average Capacity 9 | 7 8 9 10 10 Most Carried 10 | 3 7 10 8 10 Average Carried 6 | 1 4 5 8 9 Final Capacity 10 | 8 8 10 10 10 Final Carried 8 | 3 4 8 8 8 Class Distribution -------------------- 43% | Scavenger-Mutant 33% | Mutant 22% | Derelict-Mutant Dominant Class ---------------- Mutant | -10/Materials Scavenger-Mutant | -9/Materials Scavenger-Mutant | -9/Mines Derelict-Mutant | -7/Zion Resources | -11 -10 -9 -9 -7 ----------- Run | Yrd Mat Mat Min Zio Matter Collected 949 | 270 163 445 3 68 Remotely . | . . . . . Salvage Created 1223 | . 485 720 18 . Parts 74 | . 27 42 5 . Haulers Intercepted 1 | . 1 . . . Recyclers Shooed 3 | . 2 1 . . Parts Field Recycled . | . . . . . Retrieved Matter . | . . . . . Parts Self-Destructed . | . . . . . Prevented . | . . . . . Kills | -11 -10 -9 -9 -7 ------- Run | Yrd Mat Mat Min Zio Combat Hostiles Destroyed 33 | . 12 17 4 . Guns 23 | . 8 14 1 . Cannons 3 | . 3 . . . AOE 7 | . 1 3 3 . Classes Destroyed 9 | . 5 4 . . Worker 4 | . . 4 . . Tunneler 1 | . . 1 . . Hauler 1 | . 1 . . . Recycler 4 | . 2 2 . . Operator 1 | . . 1 . . Watcher 2 | . 1 1 . . Swarmer 14 | . 3 7 4 . Grunt 17 | . 9 8 . . Sentry 2 | . . 2 . . Best Kill Streak 7 | . 7 6 4 . Combat Bots Only 7 | . 7 4 4 . Max Kills in Single Turn 3 | . 1 3 3 . Gunslinging . | . . . . . Exploded 3 | . 1 1 3 . Melee . | . . . . . Uniques/NPCs Destroyed . | . . . . . Combat | -11 -10 -9 -9 -7 -------- Run | Yrd Mat Mat Min Zio Hostile Shots Fired 214 | . 89 92 7 26 Missed 51 | . 21 20 2 8 Damage Taken 1939 | . 806 761 42 330 Core 292 | . 117 105 8 62 Absorbed by Shields . | . . . . . Core Remaining (%) 76 | 100 53 . . . Volleys Fired 131 | 2 54 67 7 1 Largest 2 | 1 2 2 1 1 Hottest 200 | 50 200 46 30 57 Shots Fired 203 | 2 81 112 7 1 Gun 182 | 2 66 108 6 . Cannon 1 | . . . . 1 Launcher 5 | . . 4 1 . Special 15 | . 15 . . . Kinetic 128 | . 13 108 6 1 Thermal 58 | 2 56 . . . Explosive 5 | . . 4 1 . Electromagnetic 12 | . 12 . . . Robot Hit Streak 13 | 2 13 13 3 4 Robot Miss Streak 4 | . 4 4 2 . Penetration Max 1 | . . . . 1 Secondary Targets 2 | . . 2 . . Max Gunslinging Chain 1 | . . 1 . . Shots Hit Robots 132 | 2 55 70 4 1 Core Hits 71 | 1 26 39 4 1 Critical Kills . | . . . . . Critical Parts Destroyed . | . . . . . Critical Strikes 5 | . 4 . . 1 Burn 4 | . 4 . . . Destroy 1 | . . . . 1 Melee Attacks . | . . . . . Impact . | . . . . . Slashing . | . . . . . Piercing . | . . . . . Sneak Attacks . | . . . . . Combat Hostiles . | . . . . . Follow-up Attacks . | . . . . . Damage Inflicted 2685 | 26 885 1499 240 35 Guns 1708 | 26 551 1068 63 . Cannons 35 | . . . . 35 Explosions 702 | . 94 431 177 . Melee . | . . . . . Ramming . | . . . . . Kinetic 1226 | . 60 1068 63 35 Thermal 868 | 26 704 70 68 . Explosive 470 | . . 361 109 . Electromagnetic 121 | . 121 . . . Impact . | . . . . . Slashing . | . . . . . Piercing . | . . . . . Highest Corruption . | . . . . . Average Corruption . | . . . . . Corruption Purged . | . . . . . Corruption Blocked . | . . . . . Overload Shots . | . . . . . Overflow Damage 10 | . . 10 . . Projectiles . | . . . . . Explosions 10 | . . 10 . . Melee . | . . . . . Knockbacks . | . . . . . Impact . | . . . . . Kinetic . | . . . . . Secondary . | . . . . . Self-Inflicted Damage 52 | . 52 . . . Shots 1 | . 1 . . . Rammed . | . . . . . Targets Rammed . | . . . . . Kicked . | . . . . . Crushed . | . . . . . Highest Temperature 333 | . 333 7 . 101 Average Temperature 105 | . 122 2 . 34 Received Heat Transfer 861 | . 396 201 . 264 Effects 3 | . 3 . . . Interference 3 | . 3 . . . Siege Activations . | . . . . . Robots Corrupted . | . . . . . Combat Hostiles . | . . . . . Parts Fried 1 | . 1 . . . Impact Corruptions . | . . . . . Robots Melted . | . . . . . Combat Hostiles . | . . . . . Parts Melted 2 | . 2 . . . Heat Transferred 2096 | 74 1872 50 100 . Parts Sabotaged . | . . . . . Parts Stolen . | . . . . . Parts Stripped . | . . . . . Power Chain Reactions 1 | . 1 . . . Alert | -11 -10 -9 -9 -7 ------- Run | Yrd Mat Mat Min Zio Peak Influence 305 | . 145 305 240 . Initial 118 | . . 48 118 . Average 90 | . 51 140 231 . Maximum Alert Level 1 | . . 1 1 . Low Security (%) 84 | 100 100 66 . . Level 1 15 | . . 33 100 . Level 2 . | . . . . . Level 3 . | . . . . . Level 4 . | . . . . . Level 5 . | . . . . . High Security . | . . . . . Max Security . | . . . . . Squads Dispatched 3 | . 2 1 . . Investigation 1 | . . 1 . . Extermination . | . . . . . Reinforcement 2 | . 2 . . . Assault . | . . . . . Garrison . | . . . . . Intercept . | . . . . . Searches Triggered . | . . . . . Construction Impeded . | . . . . . Haulers Reinforced . | . . . . . Active Scanning Responses . | . . . . . Cargo Convoy Interrupts . | . . . . . Stealth | -11 -10 -9 -9 -7 --------- Run | Yrd Mat Mat Min Zio Distress Signals 3 | . 1 2 . . Communications Jammed . | . . . . . Distress Signals . | . . . . . Times Spotted 58 | . 21 26 1 10 Peak Tracking Total 11 | . 6 5 1 11 Tactical Retreats 4 | . . 4 . . Traps | -11 -10 -9 -9 -7 ------- Run | Yrd Mat Mat Min Zio Traps Triggered 1 | . . 1 . . Indirectly . | . . . . . Trap Hack Attempts . | . . . . . Triggered . | . . . . . Disarmed . | . . . . . Reprogrammed . | . . . . . Reused . | . . . . . Traps Extracted . | . . . . . Installed . | . . . . . Triggered . | . . . . . Machines | -11 -10 -9 -9 -7 ---------- Run | Yrd Mat Mat Min Zio Machines Disabled 5 | . 2 2 1 . Max in Single Turn 1 | . 1 1 1 . Machines Repaired . | . . . . . Machines Dismantled . | . . . . . Machines Sabotaged . | . . . . . Overloaded Fab Kills . | . . . . . Hacking | -11 -10 -9 -9 -7 --------- Run | Yrd Mat Mat Min Zio Machines Accessed 5 | . 2 3 . . Terminals 5 | . 2 3 . . Fabricators . | . . . . . Repair Stations . | . . . . . Recycling Units . | . . . . . Scanalyzers . | . . . . . Garrison Access . | . . . . . Total Hacks 12 | . 5 7 . . Successful 3 | . 3 . . . Failed 9 | . 2 7 . . Catastrophic 2 | . 1 1 . . Database Lockouts . | . . . . . Manual 3 | . . . . 3 Terminals 12 | . 5 7 . . Fabricators . | . . . . . Repair Stations . | . . . . . Recycling Units . | . . . . . Scanalyzers . | . . . . . Garrison Access . | . . . . . Terminal Hacks 3 | . 3 . . . Robot Analysis 1 | . 1 . . . Alert Level 1 | . 1 . . . Hauler Manifests 1 | . 1 . . . Fabricator Hacks . | . . . . . Repair Station Hacks . | . . . . . Recycling Unit Hacks . | . . . . . Scanalyzer . | . . . . . Garrison Access Hacks . | . . . . . Unauthorized Hacks . | . . . . . Terminals . | . . . . . Fabricators . | . . . . . Repair Stations . | . . . . . Recycling Units . | . . . . . Scanalyzers . | . . . . . Garrison Access . | . . . . . Data Cores Recovered . | . . . . . Used . | . . . . . Hacking Detections 3 | . 1 2 . . Full Trace Events 1 | . . 1 . . Feedback Events . | . . . . . Feedback Blocked . | . . . . . Robot Schematics Acquired 3 | . . . . 3 Robots Built . | . . . . . Authchips . | . . . . . Time . | . . . . . Total Robot Build Rating . | . . . . . Part Schematics Acquired 13 | . . . . 13 Parts Built . | . . . . . Authchips . | . . . . . Time . | . . . . . Total Part Build Rating . | . . . . . Parts Repaired . | . . . . . Time . | . . . . . Parts Recycled . | . . . . . Recycled Matter . | . . . . . Retrieved Matter . | . . . . . Retrieved Components . | . . . . . Parts Scanalyzed . | . . . . . Part Schematics Acquired . | . . . . . Parts Damaged . | . . . . . Bothacking | -11 -10 -9 -9 -7 ------------ Run | Yrd Mat Mat Min Zio Used RIF Installer . | . . . . . Robots Hacked . | . . . . . Non-combat . | . . . . . Combat . | . . . . . Robot Hacks Applied . | . . . . . Relay Couplers Released . | . . . . . Fabnet Peak Effective % . | . . . . . Robots Rewired . | . . . . . Allies Hacked . | . . . . . Hacks Repelled . | . . . . . Allies | -11 -10 -9 -9 -7 -------- Run | Yrd Mat Mat Min Zio Total Allies 11 | . . . . 11 Largest Group 11 | . . . . 11 Highest-Rated Group 353 | . . . . 353 Highest-Rated Ally 38 | . . . . 38 Total Orders . | . . . . . Ally Attacks . | . . . . . Total Damage . | . . . . . Kills . | . . . . . Allies Corrupted . | . . . . . Allies Melted . | . . . . . Intel | -11 -10 -9 -9 -7 ------- Run | Yrd Mat Mat Min Zio Robot Analysis Total 1 | . 1 . . . Derelict Logs Recovered 1 | . . . . 1 Drone Launches . | . . . . . Drone Recoveries . | . . . . . Exploration | -11 -10 -9 -9 -7 ------------- Run | Yrd Mat Mat Min Zio Turns Passed 3621 | 79 1186 986 27 1343 Spaces Moved 2306 | 43 429 401 17 1416 Core 6 | 5 . . . 1 Treads 506 | 38 333 135 . . Legs 145 | . 96 49 . . Wheels 1649 | . . 217 17 1415 Hover . | . . . . . Flight . | . . . . . Fastest Speed 50 | 50 120 80 80 80 Average Speed 112 | 147 151 152 80 89 Slowest Speed 450 | 160 160 240 80 450 Overloaded Moves . | . . . . . Propulsion Burnouts . | . . . . . Robots Hopped . | . . . . . Cave-ins Triggered . | . . . . . Exploration Rate (%) 37 | 4 59 28 5 89 Regions Visited 4 Branch Regions 2 Pre-discovered Areas 1 | . . . . 1 Known Exits Taken . | . . . . . Unknown Exits Taken 4 | 1 1 1 1 . Scrap Searched 3 | . . . . 3 Spaces Dug . | . . . . . Terrain Destroyed 64 | . 7 41 16 . Melee . | . . . . . Projectile 4 | . 4 . . . AOE 60 | . 3 41 16 . Terrain Rammed . | . . . . . Walls Destroyed . | . . . . . Machines Disabled . | . . . . . Actions | -11 -10 -9 -9 -7 --------- Run | Yrd Mat Mat Min Zio Total 3094 | 53 859 661 23 1498 Wait 547 | . 339 152 . 56 Move 2302 | 42 428 400 16 1416 Hop . | . . . . . Pick Up 34 | 2 11 14 . 7 Fast Attach 18 | 6 7 3 . 2 Attach 4 | . 4 . . . Detach 1 | . 1 . . . Swap 21 | 1 4 12 . 4 Drop 36 | . 11 13 . 12 Fire 131 | 2 54 67 7 1 Melee . | . . . . . Ram . | . . . . . Kick . | . . . . . Crush . | . . . . . Escape Stasis . | . . . . . Rewire . | . . . . . Trap . | . . . . . Miscellaneous . | . . . . . Route ------- -11/Scrapyard -10/Materials (discovered 2 exits: *Mat / [*Min]) -9/Materials -9/Mines -7/Zion (discovered 1 exit: [*Pro]) History --------- Turn | Location | Event 7 | -11/Scrapyard | Discovered new exit (range 16) 80 | -11/Scrapyard | Entered Materials 304 | -10/Materials | Build established: Mutant 856 | -10/Materials | Lost 3 parts (1p1n1w) 860 | -10/Materials | Destroyed 7 combat bots 904 | -10/Materials | Discovered new exit (range 15) 1215 | -10/Materials | Discovered new exit (range 15) 1266 | -10/Materials | Entered another Materials area 1266 | -9/Materials | Evolved 2 slots: Propulsion x2 1296 | -9/Materials | Discovered new exit (range 15) 1728 | -9/Materials | Build established: Scavenger-Mutant 2252 | -9/Materials | Entered Mines 2276 | -9/Mines | A Derelict revealed a hidden shortcut to a safe place 2279 | -9/Mines | Entered Zion 2318 | -7/Zion | Given the Hacking Drone Bay 2320 | -7/Zion | Found Prototype Device 2428 | -7/Zion | Learned Factory emergency access door positions 2439 | -7/Zion | Found CR-A16's Pointy Stick 2490 | -7/Zion | Received a hallucinogenic algorithm 2630 | -7/Zion | Learned location of Warlord (-5) 2704 | -7/Zion | Gained Derelict followers 2756 | -7/Zion | Learned 4 Factory zone layouts 3090 | -7/Zion | Build established: Derelict-Mutant 3105 | -7/Zion | Imprinted 3107 | -7/Zion | Declared Zion's savior 3455 | -7/Zion | Discovered new exit (range 12) 3588 | -7/Zion | Attacked by Zionites 3622 | -7/Zion | Self-destructed Last Messages --------------- 03455_ EXIT=FOUND 03459_ DA-MU6(z) emerges from the cave. 03509_ PUBLIC SERVICE ANNOUNCEMENT: Quarantine Array scanned 1 system, cleaned 0. 03576_ PUBLIC SERVICE ANNOUNCEMENT: Quarantine Array scanned 2 systems, cleaned 0. 03578_ PUBLIC SERVICE ANNOUNCEMENT: Unaware detected at Zion entryway. Avoid the area unless you're armed and dangerous. 03587_ HV Slug penetrates H-77 Assassin. 03588_ PUBLIC SERVICE ANNOUNCEMENT: Zion is under attack! Defend our home! 03588_ Critical hit (Burn: +80). 03608_ Critical hit (Burn: +37). 03613_ Wheel destroyed. 03613_ Critical hit (Burn: +37). 03615_ Wheel destroyed. 03616_ Dropped Lgt. Deuterium Engine. 03616_ Dropped Wheel. 03617_ Dropped Gravmag System. Map ----- +----------------------------------------------------+ | ??????????????????????????????????????????? | | ??????????????????????????????????????????? | | ??????????????????????????????????????????? | | ????????????????????####??????????????????? | | ??????????????????### ##?????????????????? | | ?????????????????## #?????????????????? | | ?????????????????# < ##????????????????? | | ?????????????????# #????????????????? | | ?????????????????## #????????????????? | | ??????#####???????# #????????????????? | | ?????##=[ ##??????# ##????????????????? | | ?????#! ! #??????## ##?????????????????? | | ?????#/ ] !#???????# ##??????????????????? | | ?????##![ ##???????# #???????????????????? | | ?????### ##???????# #???????????????????? | | ?????# #???????# #???????????????????? | | ????## ##??????# #?????#####?????????? | | ????# #??????#g #????# ##????????? | | ????## #??????# ##### #????????? | | ?????## #??????# #????????? | | ???#### ##?????# ##???????????? | | ??## ##?#### ##????????????? | | ??# ### ##?????????????? | | ??## ## M g ##??????????????? | | ##?# ]#?## ######??????????? | | "#?## !#### ### @= ##?????????? | | "#??# #?# * #?????????? | | #### # #?# = ##?????????? | | ## ## ##??????????? | | ### ## i #???????????? | | ######### #?## ### #???????????? | | "#???????# ##?# #?# #???????????? | | "#?????### #?## #?### ###?????????? | | ##????## ########???# #?????????? | | ????### ##??????##g ##?????????? | | ????#"" ##?????# ###??????????? | | ????#" ##????# b ##????????????? | | ????#"" ###### ###?????????????? | | ????#### #???????????????? | | ??##### ## ########???????????????? | | ??# ### ##??????????????????????? | | ??## ## ##???????????????????????? | | ???## # ### ##????????????????????????? | | ????#### ##?####?????????????????????????? | | ???????# #???????????????????????????????? | | ??????## ##??????????????????????????????? | | ??????# #??????????????????????????????? | | ??????# #??????????????????????????????? | | ??????## ##??????????????????????????????? | | ?????## #??????????????????????????????? | +----------------------------------------------------+ Best States ------------- Heat Dissipation 35 Energy Generation 14 Energy Capacity 250 Matter Stores 400 Matter Capacity 400 Sight Range 16 Robot Scan Range 14 Terrain Scan Density 10 Armor Coverage 150 Evasion (%) 55 Recoil Reduction 2 Item Schematics ----------------- Adv. Terrain Scan Processor | -7/Zion | Archive Arm. Leg | -7/Zion | Archive Mak. Leg | -7/Zion | Archive Focal Shield | -7/Zion | Archive Remote Datajack | -7/Zion | Archive Hvy. Beamcaster | -7/Zion | Archive Mak. Spear | -7/Zion | Archive Imp. Hacking Suite | -7/Zion | Archive Recoil Nullifier | -7/Zion | Archive Arc Thrower | -7/Zion | Archive Mak. Hammer | -7/Zion | Archive Thermic Laser | -7/Zion | Archive Imp. Deuterium Engine | -7/Zion | Archive Robot Schematics ------------------ B-48 Gladiator | -7/Zion | Archive K-01 Serf | -7/Zion | Archive A-02 Transporter | -7/Zion | Archive Fabricated ------------ Nothing Alien Tech Used ----------------- None Achievements -------------- Robot Respite The More The Merrier The One Challenges ------------ None Game ------ Seed ZioniteCargoConstruct Manual? 0 Play Time 00:40:23 Cumulative 6.7 hours Start 2024.04.02 @ 19:00:18 End 2024.04.03 @ 11:23:45 Sessions 2 Manual Loads 0 Difficulty Rogue Special Mode None Game No. 8 Rogue 8 Adventurer 0 Explorer 0 Win Type - Total 0 Types 0/0/0/0/0/0/0/0/0 Lore% 9 Gallery% 14 Achievement% 12 Wizard Run 0 Options --------- Layout 1 ASCII 0 Keyboard 0 Movement Mouse Keybinds 0 Fullscreen 2 Font 24/Terminus Map View 50x35 Zoom Use 0% Tactical HUD 1 Map Filters NONE Filters NONE Steam 1 RUN: d217de41-b533-425f-bba2-189fcb979619